 Dungeon Crawl Stone Soup version 0.28-a0-1130-gc51a68064b (webtiles) character file.

Game seed: 571298061167717991

160 siradein the Shield-Bearer (level 5, -3/47 HPs)
             Began as a Minotaur Fighter on Dec 13, 2021.
             Slain by a gnoll (13 damage)
             ... on level 3 of the Dungeon.
             The game lasted 00:04:54 (1915 turns).

siradein the Shield-Bearer (Minotaur Fighter)       Turns: 1915, Time: 00:04:55

Health: -3/47      AC:  8    Str: 20    XL:     5   Next: 17%
Magic:  4/4        EV:  9    Int:  5    God:
Gold:   134        SH:  5    Dex: 12    Spells: 4/4 levels left

rFire   . . .      SeeInvis .   a - +0 long sword
rCold   . . .      Faith    .   c - +0 buckler
rNeg    . . .      Spirit   .   b - +0 scale mail
rPois   .          Reflect  .   (helmet restricted)
rElec   .          Harm     .   (no cloak)
rCorr   .          Rampage  .   f - +0 pair of gloves
Will    .....                   (no boots)
Stlth   ..........              e - amulet of regeneration
HPRegen 0.95/turn               (no ring)
MPRegen 0.09/turn               (no ring)

@: no status effects
A: horns 2, retaliatory headbutt
a: no special abilities


You were on level 3 of the Dungeon.
You visited 1 branch of the dungeon, and saw 3 of its levels.

You collected 134 gold pieces.

Inventory:

Hand Weapons
 a - a +0 long sword (weapon)
Missiles
 i - 3 boomerangs of dispersal (quivered)
Armour
 b - a +0 scale mail (worn)
 c - a +0 buckler (worn)
 f - a +0 pair of gloves (worn)
Jewellery
 e - an amulet of regeneration (around neck)
Wands
 l - a wand of acid (4)
Scrolls
 g - a scroll of amnesia {unknown}
 h - a scroll of identify {unknown}
 m - 2 scrolls of teleportation {unknown}
 n - a scroll of blinking {unknown}
Potions
 d - 2 potions of might
 j - a potion of curing {unknown}
 k - a potion of degeneration {unknown}
 o - a potion of heal wounds {unknown}
 p - a potion of invisibility {unknown}


   Skills:
 + Level 4.7 Fighting
 + Level 3.9 Long Blades
 + Level 4.7 Armour
 + Level 4.7 Shields


You had 4 spell levels left.
You didn't know any spells.
Your spell library contained the following spells:

 Spells                   Type           Power      Damage    Failure   Level
 Blink                    Tloc           0%         N/A       91%         2
 Lesser Beckoning         Tloc           0%         N/A       99%         3
 Manifold Assault         Tloc           0%         N/A       100%        5


Dungeon Overview and Level Annotations

Branches:
Dungeon (3/15)

Altars:

Shops:
D:3 !


Innate Abilities, Weirdness & Mutations

You have a pair of horns on your head.
You reflexively headbutt those who attack you in melee.


Message History

You hit the gnoll. You headbutt the gnoll.
The gnoll is almost dead.
The gnoll hits you but does no damage.
A gnoll comes into view. It is wielding a +0 halberd.
You hit the gnoll.
You kill the gnoll!
You block the gnoll's attack. The gnoll hits you but does no damage.
You slash the gnoll! You headbutt the gnoll.
You kill the gnoll!
You hear a splash.
You enter the shallow water.
Moving in this stuff is going to be slow.
The gnoll hits you with a +0 halberd!
You see here a +0 club.
You barely miss the gnoll. The gnoll barely misses you.
Your scale mail prevents you from hitting the gnoll.
The gnoll hits you with a +0 halberd. The gnoll hits you with a +0 halberd!
You are too injured to fight recklessly!
The gnoll hits you from afar with a +0 halberd!
* * * LOW HITPOINT WARNING * * *
Things that are here:
a +0 club; 16 gold pieces; a gnoll corpse The gnoll throws a throwing net.
You block the throwing net.
You see here a throwing net.
The gnoll barely misses you.
Things that are here:
a +0 club; 16 gold pieces; a gnoll corpse You see here a throwing net.
Things that are here:
a +0 club; 16 gold pieces; a gnoll corpse You slash the gnoll!
The gnoll is severely wounded.
The gnoll hits you with a +0 halberd.
* * * LOW HITPOINT WARNING * * *
You barely miss the gnoll.
The gnoll is severely wounded.
The gnoll hits you with a +0 halberd.
* * * LOW HITPOINT WARNING * * *
The gnoll hits you with a +0 halberd!
You die...

#...#..........#
#.###.##......##
###.....##......#
....######......#
##### ##.....#
###..|## ##≈≈≈..#
#≈≈≈≈)(# #≈≈∩).@#
#≈≈≈≈g## ##≈≈≈.#
........#
######..# #...
##.# #.. ###


You could see a gnoll.

Vanquished Creatures
  A scorpion zombie (D:3)
  A hound skeleton (D:2)
  3 gnolls (D:3)
  2 adders (D:2)
  A worm (D:2)
  A dart slug (D:1)
  9 bats
  7 endoplasms
  7 goblins
  5 hobgoblins
  4 jackals (D:1)
  8 kobolds
  3 quokkas (D:1)
  7 ball pythons
  3 frilled lizards
  8 rats
70 creatures vanquished.

Notes
Turn   | Place    | Note
-------+----------+-------------------------------------------
     0 | D:1      | siradein the Minotaur Fighter began the quest for the Orb.
     0 | D:1      | Reached XP level 1. HP: 19/19 MP: 0/0
    95 | D:1      | Reached XP level 2. HP: 26/27 MP: 1/1
   432 | D:1      | Reached XP level 3. HP: 33/33 MP: 2/2
  1149 | D:2      | Reached XP level 4. HP: 40/40 MP: 3/3
  1607 | D:2      | Found a faded altar of an unknown god.
  1880 | D:3      | Found Nepouguss's Distillery.
  1897 | D:3      | Reached XP level 5. HP: 45/47 MP: 4/4
  1915 | D:3      | Slain by a gnoll

Illustrated notes

Levels and vault maps discovered:
D:1:      dpeg_arrival_erosion, layout_basic
D:2:      layout_loops_ring, hellmonk_ecumenical_altar_leap_of_faith,
          st_stairs_10, kennysheep_generic_room_13
D:3:      minmay_angry_zag, layout_loops_ring,
          mainiacjoe_overflow_cross_hatched, serial_shops,
          nicolae_shop_waterfront, uniq_terence

Skill      XL: |  1  2 |
---------------+-------+-----
Armour         | 4 |  4.7
Long Blades    | 3 |  3.9
Shields        | 4 |  4.7
Fighting       | 4 |  4.7

Action                   |  1- 3 |  4- 6 || total
-------------------------+-------+-------++-------
Melee: Long sword        |    89 |    75 ||   164
       Headbutt          |    16 |    13 ||    29
Armor: Scale mail        |    58 |    26 ||    84
Dodge: Dodged            |    40 |    27 ||    67
Block: Buckler           |    22 |    11 ||    33

Table legend: (Time is in decaauts)
 A = Elapsed time spent in this place.
 B = Non-inter-level travel time spent in this place.
 C = Inter-level travel time spent in this place.
 D = Time resting spent in this place.
 E = Time spent auto-exploring this place.
 F = Levels seen in this place.
 G = Mean time per level.
                   A        B        C        D        E       F      G
               +--------+--------+--------+--------+--------+-----+--------+
         Total |   1955 |   1919 |     36 |     10 |   1486 |   3 |  651.7 |
       Dungeon |   1955 |   1919 |     36 |     10 |   1486 |   3 |  651.7 |
               +--------+--------+--------+--------+--------+-----+--------+

Top non-repeatable levels by time:
     D:1: 1025 daAuts
     D:2: 668 daAuts
     D:3: 261 daAuts
